 Dungeon Sprint DCSS version 0.19.0-16-g73b5abf (webtiles) character file.

133 Groucho the Cleaver (level 5, -4/76 HPs)
             Began as a Hill Orc Fighter on Nov 10, 2016.
             Slain by a shadow (14 damage)
             ... in the Dungeon (Sprint III: "The Ten Rune Challenge").
             The game lasted 00:01:31 (1045 turns).

Groucho the Cleaver (Hill Orc Fighter)              Turns: 1045, Time: 00:01:32

Health: -4/76      AC:  8    Str: 24    XL:     5   Next: 16%
Magic:  5/5        EV:  8    Int:  8    God:
Gold:   21         SH: 10    Dex: 11    Spells: 0 memorised, 4 levels left

rFire  . . .     SeeInvis .     a - +0 war axe
rCold  . . .     Gourm    .     b - +0 scale mail
rNeg   . . .     Faith    .     c - +0 shield
rPois  .         Spirit   .     (no helmet)
rElec  .         Reflect  .     m - +0 cloak
rCorr  .         Harm     .     (no gloves)
MR     .....     NoTele   +     (no boots)
Stlth  ..........               (no amulet)
                                (no ring)
                                (no ring)

@: berserking, very quick
A: no striking features
a: no special abilities


You were in the Dungeon.
You were hungry.

You visited 1 branch You collected 21 gold pieces.

Inventory:

Hand Weapons
 a - a +0 war axe (weapon)
Missiles
 l - 16 stones (quivered)
Armour
 b - a +0 scale mail (worn)
 c - a +0 shield (worn)
 m - a +0 cloak (worn)
Scrolls
 k - a scroll of blinking
 o - a scroll of holy word {unknown}
 p - 2 scrolls of identify {unknown}
 q - a scroll of recharging {unknown}
 t - a scroll of torment {unknown}
 u - 2 scrolls of remove curse
Potions
 d - a potion of might
 e - 2 potions of curing
 i - 2 potions of magic
 n - 2 potions of mutation {unknown}
 s - 4 potions of flight
 w - a potion of degeneration {unknown}
Comestibles
 f - a bread ration
 r - a royal jelly
 v - 2 fruits


   Skills:
 + Level 6.5 Fighting
 * Level 8.6 Axes
 + Level 5.7 Armour
 + Level 5.6 Shields


You had 4 spell levels left.
You didn't know any spells.

Dungeon Overview and Level Annotations

Branches:
Dungeon (1/1)

Altars:


Message History

You are no longer corroded.
The shadow barely misses you.
Unknown command.
A red film seems to cover your vision as you go berserk!
You feel yourself moving faster!
You feel mighty! You block the shadow's attack.
You are too injured to fight recklessly!
You are too injured to fight recklessly!
You are too injured to fight recklessly!
You are too injured to fight recklessly!
You are too injured to fight recklessly!
You slash the shadow!
The shadow is almost destroyed.
The shadow slips into darkness.
The shadow flickers and vanishes!
Deactivating autopickup; reactivate with Ctrl-A.
You hit something. You closely miss something.
The shadow strikes at you from the darkness!
You die...

▓▓▓ ##.# ####..#
#..#..#
#..#..###+#+###+##
##'#..#..........#
###.....⌠........#
###...#...######@#
##....#.⌠.# #.{.#
#.....#...# #...#
.)....#+### #...#
#.....# #..%+
##....# +...#
▓▓▓▓▓▓ ▓▓▓▓▓


There were no monsters in sight!

Vanquished Creatures
  A water elemental (D)
  A jelly (D)
  Crazy Yiuf (D)
  A human (D)
  4 rats (D)
8 creatures vanquished.

Vanquished Creatures (others)
  2 draconian scorchers (D)
  6 hellions (D)
  A yaktaur (D)
9 creatures vanquished.

Grand Total: 17 creatures vanquished

Notes
Turn   | Place    | Note
-------+----------+-------------------------------------------
     0 | D        | Groucho the Hill Orc Fighter began the quest for the Orb.
     0 | D        | Reached XP level 1. HP: 19/19 MP: 1/1
     8 | D        | Reached skill level 3 in Axes
    29 | D        | Killed a yaktaur
    63 | D        | Reached skill level 5 in Axes
    63 | D        | Reached XP level 2. HP: 14/28 MP: 2/2
    80 | D        | Killed a hellion
    81 | D        | Killed a hellion
    88 | D        | Killed a hellion
    89 | D        | Killed a hellion
    97 | D        | Killed a hellion
   142 | D        | Killed a white draconian scorcher
   181 | D        | Killed a white draconian scorcher
   300 | D        | Killed a hellion
   312 | D        | Noticed Crazy Yiuf
   318 | D        | Killed Crazy Yiuf
   318 | D        | Reached skill level 5 in Fighting
   318 | D        | Reached skill level 6 in Axes
   318 | D        | Reached XP level 3. HP: 16/36 MP: 3/3
   585 | D        | Noticed a water elemental
   589 | D        | Killed a water elemental
   589 | D        | Reached skill level 7 in Axes
   589 | D        | Reached skill level 5 in Armour
   589 | D        | Reached skill level 5 in Shields
   589 | D        | Reached XP level 4. HP: 21/44 MP: 4/4
  1026 | D        | Noticed a shadow
  1030 | D        | Reached skill level 8 in Axes
  1030 | D        | Reached XP level 5. HP: 29/51 MP: 5/5
  1045 | D        | Slain by a shadow

Skill      XL: |  1  2  3  4 |
---------------+-------------+-----
Axes           | 5 6 7 8 |  8.6
Fighting       | 4 5 6 |  6.5
Armour         | 4 5 |  5.7
Shields        | 4 5 |  5.6

Action                   |  1- 3 |  4- 6 || total
-------------------------+-------+-------++-------
Melee: War axe           |    31 |    21 ||    52
Throw: Stone             |     5 |       ||     5
  Use: Potion            |     1 |     3 ||     4
Armor: Scale mail        |    13 |     4 ||    17
Dodge: Dodged            |     4 |     4 ||     8
Block: Shield            |     8 |     5 ||    13
